Map: Kairos Junction LE

Players

lIIllllIIlll (INnoVation) - Winner!

  • Race: Terran Terran
  • Spawn Location: 11:00

Lambo

  • Race: Zerg Zerg
  • League: Master
  • Spawn Location: 5:00

Event: 2019 Assembly Summer

VOD

Have the link to the VOD?

Description

Time

  • Played on: Aug. 1, 2019, 6:31 a.m.
  • Length: 13:17

All games in this series

Show
View Real Time Build Order
Export as new Build Order

lIIllllIIlll Terran - Winner!

Build Orders: Gas First Reaper Expand, Hellion Banshee 

Get SALT Encoding   

  12  0:00  SCV  
  13  0:12  SCV  
  14  0:16  Supply Depot  
  14  0:24  SCV  
  14  0:28  Refinery  
  15  0:38  SCV  
  16  0:44  Barracks  
  16  0:50  SCV  
  17  1:02  SCV  
  18  1:14  SCV  
  19  1:30  Orbital Command  
  19  1:31  Reaper  
  20  1:43  Command Center  
  20  1:54  Factory  
  20  1:58  SCV  
  21  2:05  Barracks Reactor  
  21  2:11  SCV  
  21  2:14  Supply Depot  
  22  2:17  Refinery  
  22  2:23  SCV  
  23  2:36  SCV  
  24  2:43  Starport  
  24  2:45  Hellion x2  
  24  2:48  SCV  
  29  2:53  Barracks Tech Lab  
  29  2:57  Orbital Command  
  29  3:00  SCV  
  30  3:13  SCV  
  30  3:19  Marine  
  31  3:25  Cloaking Field  
  32  3:27  Banshee, SCV x2  
  32  3:33  Supply Depot  
  37  3:37  Hellion  
  37  3:41  Hellion  
  37  3:42  Barracks Tech Lab  
  37  3:45  SCV  
  37  3:46  SCV  
  39  4:00  SCV x2  
  39  4:01  Stimpack, Marine  
  41  4:03  Hellion x2  
  45  4:10  Banshee  
  45  4:14  SCV x2  
  45  4:16  Supply Depot  
  50  4:21  Marine  
  51  4:26  SCV x2  
  53  4:35  Command Center  
  53  4:39  SCV x2  
  53  4:42  Factory Reactor, Marine  
  56  4:49  Barracks  
  56  4:54  SCV x2  
  56  4:59  Supply Depot  
  58  5:00  Marine  
  58  5:02  Starport Reactor, Barracks  
  59  5:10  SCV x2  
  59  5:11  Engineering Bay x2  
  59  5:23  SCV x2  
  57  5:28  Refinery  
  57  5:29  Marine, Refinery  
  57  5:35  SCV x2  
  58  5:37  Marine x2  
  58  5:39  Terran Infantry Armor Level 1, Terran Infantry Weapons Level 1  
  60  5:47  SCV x2, Orbital Command  
  62  5:50  Barracks  
  62  5:51  Barracks, Siege Tank  
  65  5:57  Marine x4  
  65  5:58  Marine  
  65  6:00  SCV x2  
  72  6:06  Supply Depot, Medivac  
  72  6:08  Medivac  
  72  6:11  Combat Shield  
  76  6:13  Orbital Command  
  76  6:14  SCV  
  76  6:15  SCV  
  78  6:20  Supply Depot, Marine x2  
  78  6:22  Marine x3  
  83  6:30  SCV  
  83  6:31  SCV  
  85  6:34  Factory Reactor  
  85  6:39  SCV  
  86  6:43  Marine x4, Barracks Reactor, SCV x2  
  86  6:44  Marine, Barracks Reactor  
  90  6:47  Supply Depot  
  90  6:48  Supply Depot  
  90  6:53  Armory  
  87  6:56  Supply Depot, Factory, SCV x3  
  87  6:59  Refinery  
  87  7:00  Refinery  
  90  7:03  Marine x4  
  90  7:04  Marine  
  90  7:08  Medivac x2  
  99  7:12  SCV x3  
  100  7:16  Supply Depot  
  100  7:17  Supply Depot  
  100  7:20  Marine x3  
  106  7:23  Widow Mine x2  
  106  7:27  SCV x3  
  109  7:35  Supply Depot  
  100  7:39  SCV x3  
  100  7:40  Terran Infantry Weapons Level 2, Terran Infantry Armor Level 2  
  100  7:42  Drilling Claws  
  103  7:44  Widow Mine  
  103  7:47  Widow Mine  
  103  7:49  Widow Mine  
  109  7:54  Marine x3, Marauder  
  109  7:56  Terran Vehicle And Ship Armor Level 1  
  114  8:01  SCV x3  
  114  8:04  Marine x2  
  119  8:10  Widow Mine x2  
  119  8:11  Marine x3  
  119  8:12  Marine  
  123  8:16  Marauder  
  123  8:17  Medivac x2  
  129  8:26  Widow Mine  
  128  8:29  Marine x3  
  128  8:30  Marine x2  
  128  8:31  Missile Turret, Widow Mine  
  128  8:32  Marine x2, Widow Mine  
  139  8:41  Command Center  
  139  8:47  Medivac  
  139  8:48  Medivac  
  143  8:53  Widow Mine x2  
  143  8:54  Supply Depot  
  147  8:59  Siege Tank  
  147  9:00  Marine  
  147  9:01  Supply Depot x2, Marine x2  
  149  9:12  Marine  
  149  9:15  Supply Depot, Marine x4  
  149  9:16  Marauder  
  155  9:18  Marine  
  155  9:19  Marine  
  155  9:22  Marine  
  155  9:23  Medivac x2  
  160  9:26  Widow Mine x2  
  160  9:29  Supply Depot  
  160  9:30  Marine  
  160  9:31  Siege Tank  
  166  9:33  Marine x4  
  166  9:36  Marine x2  
  166  9:37  Marauder  
  174  9:39  Sensor Tower  
  174  9:40  Marine  
  173  9:46  SCV x3  
  173  9:50  Marine  
  173  9:51  Marine x4  
  179  9:54  Marine x2  
  179  9:58  Marine  
  179  9:59  Marauder, Widow Mine x2  
  182  10:03  Terran Infantry Weapons Level 3  
  182  10:05  Terran Infantry Armor Level 3  
  182  10:08  Marine  
  182  10:09  Marine x3, Siege Tank  
  182  10:13  Marine x2  
  191  10:20  Marauder  
  195  10:21  Widow Mine x2  
  185  10:40  Planetary Fortress  
  174  10:50  Marine, Marauder  
  172  10:59  Marine  
  172  11:04  Barracks  
  172  11:05  Supply Depot  
  172  11:06  Supply Depot x2  
  172  11:07  Marine x4, Barracks  
  172  11:08  Marine x3, Barracks  
  172  11:09  Medivac  
  172  11:10  Medivac  
  172  11:13  Widow Mine  
  172  11:16  Marauder, Widow Mine  
  172  11:17  Marine  
  171  11:19  Siege Tank  
  171  11:25  Marine x4, SCV x3  
  147  11:26  Marine x3  
  153  11:35  Marine  
  153  11:37  Marauder  
  153  11:38  SCV x2  
  153  11:39  Medivac, SCV  
  161  11:40  Medivac  
  161  11:42  Marine  
  161  11:43  Marine x2  
  161  11:45  Marine x4  
  170  11:48  Widow Mine  
  170  11:52  Marine  
  172  11:54  Siege Tank, Widow Mine  
  172  11:56  Barracks Tech Lab  
  172  11:57  Barracks Tech Lab  
  172  11:59  Marauder  
  172  12:00  Marine  
  172  12:01  Marine x2  
  178  12:02  Marine  
  178  12:03  Marine x3  
  181  12:10  Marine  
  164  12:16  Marine, Marauder  
  164  12:18  Marine x2  
  164  12:19  Marine  
  164  12:20  Marine, Marauder  
  164  12:21  Marine  
  164  12:22  Medivac x2  
  171  12:25  Barracks Tech Lab, Widow Mine x2  
  171  12:27  Siege Tank  
  171  12:29  Marine x3  
  180  12:34  Ghost Academy, Marauder  
  180  12:36  Marine  
  183  12:38  Marauder  
  183  12:41  Marauder  
  183  12:44  Marauder  
  189  12:45  Marine  
  189  12:46  Marine x2  
  192  12:52  Widow Mine x2  
  192  12:57  Marine  
Show
View Real Time Build Order
Export as new Build Order

Lambo Zerg 

Build Orders: Hatch First 

Get SALT Encoding   

  12  0:00  Drone  
  13  0:12  Overlord  
  13  0:16  Drone  
  14  0:30  Drone x2  
  16  0:47  Hatchery  
  15  0:50  Drone  
  15  0:54  Drone  
  17  0:57  Drone  
  18  1:07  Extractor  
  17  1:12  Spawning Pool  
  17  1:15  Drone  
  17  1:19  Drone  
  18  1:27  Drone  
  19  1:40  Drone  
  20  1:48  Drone  
  21  1:59  Zergling x2, Queen x2  
  21  2:00  Zergling x2  
  27  2:15  Hatchery  
  26  2:18  Overlord  
  26  2:21  Drone  
  27  2:23  Drone  
  27  2:38  Drone x3, Metabolic Boost  
  27  2:43  Drone  
  31  2:45  Overlord  
  31  2:52  Queen  
  31  2:55  Drone  
  31  2:57  Drone  
  35  3:05  Drone, Queen  
  37  3:09  Drone x2  
  40  3:14  Drone x2  
  40  3:16  Drone  
  43  3:26  Zergling x4  
  44  3:33  Drone x2  
  45  3:37  Drone  
  45  3:38  Drone, Queen  
  49  3:44  Overlord  
  49  3:48  Spore Crawler  
  48  3:53  Drone  
  48  3:54  Drone  
  50  3:59  Spore Crawler  
  50  4:02  Overlord, Queen  
  52  4:04  Zergling x8  
  52  4:09  Zergling x2  
  57  4:10  Drone  
  57  4:16  Overlord  
  58  4:20  Baneling Nest, Overlord  
  58  4:22  Drone x4  
  58  4:23  Drone x2  
  63  4:31  Drone x3  
  63  4:32  Lair  
  63  4:36  Extractor  
  63  4:37  Extractor  
  63  4:41  Spore Crawler  
  63  4:42  Spore Crawler  
  63  4:43  Overlord  
  63  4:45  Spore Crawler  
  60  4:46  Zergling x2  
  60  4:50  Drone x3  
  63  4:53  Drone x2  
  63  4:58  Drone x2  
  63  4:59  Drone  
  64  5:00  Drone  
  64  5:03  Drone  
  64  5:05  Drone x2  
  67  5:08  Zergling x2  
  67  5:13  Drone x2  
  63  5:20  Drone x3  
  64  5:21  Drone x2  
  64  5:26  Drone x5  
  69  5:30  Drone x3  
  69  5:33  Drone  
  69  5:35  Evolution Chamber  
  72  5:37  Evolution Chamber  
  72  5:38  Drone  
  72  5:39  Extractor  
  72  5:40  Overseer  
  72  5:41  Drone  
  72  5:43  Drone  
  72  5:44  Centrifical Hooks  
  72  5:47  Drone  
  74  5:50  Drone  
  74  5:55  Drone x3  
  74  5:56  Drone  
  78  6:00  Drone x2  
  78  6:01  Drone x2  
  78  6:02  Zerg Ground Armor Level 1  
  82  6:07  Drone x3  
  82  6:11  Extractor  
  84  6:12  Extractor  
  84  6:14  Drone  
  84  6:15  Hatchery  
  84  6:16  Drone x2  
  85  6:18  Zergling x2  
  85  6:19  Zergling x2  
  85  6:23  Baneling x2  
  85  6:24  Baneling x4, Zergling x4  
  83  6:40  Zergling x8  
  83  6:47  Zergling x6  
  90  6:52  Overlord  
  90  6:55  Overlord  
  90  6:56  Zerg Melee Weapons Level 1  
  90  6:57  Overlord  
  90  7:00  Overlord  
  90  7:02  Overlord  
  90  7:04  Overlord  
  90  7:07  Overlord  
  89  7:09  Zergling x2  
  89  7:10  Zergling x2  
  89  7:12  Zergling x6  
  92  7:16  Drone  
  92  7:18  Drone  
  94  7:23  Drone x2  
  94  7:24  Drone x2  
  94  7:25  Hydralisk Den  
  94  7:27  Drone x3  
  94  7:28  Drone  
  94  7:29  Drone  
  104  7:31  Baneling x4  
  104  7:35  Zergling x10  
  102  7:39  Zergling x2  
  102  7:43  Drone  
  104  7:46  Zergling x4  
  104  7:47  Zergling x4  
  104  7:48  Zergling x2  
  109  7:53  Queen  
  109  7:56  Muscular Augments  
  109  7:57  Hydralisk x5  
  119  8:01  Hydralisk x3  
  119  8:04  Baneling x6  
  119  8:05  Hatchery  
  120  8:08  Hydralisk  
  120  8:10  Hydralisk x2  
  123  8:14  Zergling x8  
  123  8:19  Hydralisk  
  125  8:20  Hydralisk x2  
  125  8:24  Hydralisk x2  
  132  8:27  Drone x3  
  132  8:31  Zerg Ground Armor Level 2  
  135  8:37  Hydralisk x3  
  141  8:41  Baneling x3  
  141  8:42  Overseer  
  141  8:49  Hydralisk  
  141  8:50  Overlord  
  141  8:52  Overlord  
  141  8:53  Overlord  
  141  8:54  Overlord  
  141  8:55  Overlord  
  142  9:01  Zergling x16  
  141  9:08  Grooved Spines, Drone, Overlord x2  
  142  9:11  Hydralisk x2  
  142  9:12  Zergling x2  
  142  9:15  Infestation Pit  
  146  9:18  Zergling x12  
  146  9:19  Baneling x2  
  146  9:23  Drone x3  
  147  9:30  Zergling x2  
  147  9:31  Zergling x10  
  153  9:33  Zerg Missile Weapons Level 1  
  153  9:34  Zergling x2  
  153  9:37  Baneling x6  
  153  9:38  Zergling x2  
  155  9:45  Zergling x12  
  155  9:46  Baneling x2  
  155  9:48  Pneumatized Carapace  
  155  9:51  Zergling x4  
  147  9:56  Drone  
  147  9:58  Zergling x8  
  150  10:00  Drone x2  
  150  10:02  Drone  
  150  10:03  Drone  
  152  10:08  Drone x3  
  155  10:17  Baneling x15  
  155  10:19  Hydralisk  
  155  10:23  Zergling x6  
  155  10:26  Zergling x6  
  156  10:30  Zergling x6  
  156  10:34  Zergling x2  
  156  10:35  Zergling x6  
  153  10:40  Zergling x10  
  156  10:46  Zergling x4  
  156  10:47  Zergling x6  
  156  10:49  Zergling x6  
  158  10:51  Zergling x2  
  158  10:53  Drone x3  
  158  10:55  Baneling x2  
  160  11:02  Overseer  
  160  11:03  Baneling x4  
  160  11:04  Baneling x13  
  160  11:05  Hydralisk  
  160  11:10  Zergling x2  
  153  11:12  Zergling x10  
  153  11:17  Zergling x10  
  136  11:21  Zergling x2  
  136  11:22  Zergling x8  
  136  11:24  Zergling x4  
  113  11:27  Zergling x6  
  113  11:28  Zergling x2  
  113  11:31  Zergling x8  
  117  11:33  Baneling x3  
  117  11:34  Overseer  
  117  11:37  Zergling x6  
  117  11:39  Baneling x4  
  120  11:45  Overseer, Zergling x10  
  120  11:48  Zergling x4  
  120  11:52  Zergling x2  
  120  11:53  Zergling x4  
  116  11:56  Hydralisk x3  
  116  12:00  Drone x4  
  126  12:04  Hydralisk x2  
  126  12:08  Zergling x4  
  127  12:13  Zergling x2  
  127  12:14  Zergling x10  
  124  12:16  Zergling x2  
  124  12:17  Zergling x4  
  124  12:22  Zergling x4  
  125  12:25  Drone x2  
  125  12:26  Drone  
  130  12:30  Drone x2  
  130  12:37  Baneling x10  
  130  12:38  Hydralisk x3  
  130  12:41  Zergling x6  
  137  12:47  Zergling x6  
  136  12:52  Zergling x2  
  136  12:57  Zergling x6  
Tags
 
Add a new tag
Caveats
  • Supply blocks, unpowered buildings, or Contaminate may cause inaccurate times.
  • Supply counts are checked every 10 seconds.